Cogmind - Beta 10.1 @@@ ROGUE MODE // 2020.10.23 @ 18:39:47 Player: Cog Result: Self-destructed Performance ------------- Evolutions (6) 3000 Regions Visited (17) 3400 Robots Destroyed (135) 675 Value Destroyed (5498) 5498 Prototype IDs (30) 600 Alien Tech Used (0) 0 Bonus (4354) 4354 TOTAL SCORE: 17527 Bonus ------- High Alert Combat Kills 1416 Follower Combat Kills 2448 Aligned with FarCom 300 Built Enhanced Grunts 300 A7 Reached Mainframe 300 Friendly Fire -410 Cogmind --------- Core Integrity 816/1150 Matter 86/300 Energy 840/840 System Corruption 0% Temperature Cool (0) Movement Rolling (130) Ox5 Location -4/Factory Parts ------- > --- POWER (1) -------- Particle Reactor > --- PROPULSION (4) --- Wheel Wheel > --- UTILITY (11) ----- Advanced Heat Sink Experimental Heat Sink High-capacity Storage Unit High-capacity Storage Unit High-capacity Storage Unit Energy Well Improved Targeting Computer Improved Core Analyzer Hacking Suite > --- WEAPON (3) ------- (None) > --- INVENTORY (28) --- Light Angular Momentum Engine Advanced Heat Sink High-capacity Storage Unit High-capacity Battery (400) Experimental Sensor Array Hacking Suite Improved System Backup Module Advanced Field Recycling Unit (0) KE Penetrator Heavy Flail Phasing Sabre Peak State ------------ > --- POWER ------------ Quantum Reactor > --- PROPULSION ------- Heavy Siege Treads Centrium Heavy Treads > --- UTILITY ---------- Experimental Heat Sink High-capacity Storage Unit High-capacity Storage Unit High-capacity Storage Unit Energy Well Improved Targeting Computer Improved Core Analyzer Matter Filter Improved Weapon Cycler Improved Medium Armor Plating Hacking Suite > --- WEAPON ----------- KE Penetrator KE Penetrator Enhanced Coil Gun > --- INVENTORY -------- Neutrino Core Particle Reactor Particle Reactor Heavy Treads Advanced Heat Sink High-capacity Storage Unit High-capacity Battery Experimental Sensor Array Improved Medium Armor Plating Centrium Medium Armor Plating Centrium Medium Armor Plating Hacking Suite Improved System Backup Module Advanced Field Recycling Unit Long-range Proton Cannon Advanced Plasma Cannon Improved KE Penetrator Improved KE Penetrator Gauss Cannon Heavy Flak Cannon Mini Grenade Launcher Heavy Flail Phasing Sabre [Rating: 113] Favorites ----------- Power Light Angular Momentum Engine Engine Light Angular Momentum Engine Power Core Nuclear Core Reactor Quantum Reactor Propulsion Potential Leg Treads Heavy Treads Leg Potential Leg Wheel Compact Wheel Utility High-capacity Storage Unit Device Improved Heat Sink Storage High-capacity Storage Unit Processor Improved Targeting Computer Hackware Hacking Suite Protection Improved Medium Armor Plating Weapon Heavy Particle Cannon Energy Gun Electrolaser Energy Cannon Heavy Particle Cannon Ballistic Gun KE Penetrator Ballistic Cannon Battle Cannon Launcher Mini Grenade Launcher Impact Weapon Heavy Flail Slashing Weapon Phasing Sabre Build | -11 -10 -10 -9 -9 -9 -8 -8 -7 -7 -7 -6 -5 -5 -5 -5 -5 -4 ------- Run | Scr Mat Min Mat Min Exi Min Mat Fac Low Low Fac Fac Ext Cet Arc Hub Fac Slots Evolved 12 | . . . 2 . . . 2 2 . . 2 2 . . . . 2 Power . | . . . . . . . . . . . . . . . . . . Propulsion 2 | . . . . . . . . 1 . . . 1 . . . . . Utility 9 | . . . 2 . . . 2 . . . 2 1 . . . . 2 Weapon 1 | . . . . . . . . 1 . . . . . . . . . Parts Attached 157 | . 1 2 10 8 4 2 4 9 10 . 21 25 18 4 6 6 27 Power 11 | . . . 1 . . 1 . . 1 . 2 1 1 . 1 . 3 Engine 4 | . . . 1 . . . . . 1 . 2 . . . . . . Core 4 | . . . . . . 1 . . . . . 1 1 . . . 1 Reactor 3 | . . . . . . . . . . . . . . . 1 . 2 Propulsion 22 | . . . 2 3 2 . . 1 2 . 1 3 2 . 2 . 4 Treads 5 | . . . . . . . . . . . . 1 . . 2 . 2 Leg 9 | . . . 2 1 2 . . . 1 . 1 . 2 . . . . Wheel 8 | . . . . 2 . . . 1 1 . . 2 . . . . 2 Hover . | . . . . . . . . . . . . . . . . . . Flight . | . . . . . . . . . . . . . . . . . . Utility 52 | . 1 1 5 3 1 1 1 3 1 . 6 9 4 2 . 3 11 Device 19 | . . 1 1 2 . . 1 1 1 . 3 4 1 . . 1 3 Storage 8 | . 1 . . . 1 . . 1 . . 1 2 . 1 . . 1 Processor 6 | . . . 3 . . . . . . . . . . 1 . . 2 Hackware 2 | . . . . . . . . . . . 1 . 1 . . . . Protection 17 | . . . 1 1 . 1 . 1 . . 1 3 2 . . 2 5 Artifact . | . . . . . . . . . . . . . . . . . . Weapon 72 | . . 1 2 2 1 . 3 5 6 . 12 12 11 2 3 3 9 Energy Gun 2 | . . . . . . . 1 . . . 1 . . . . . . Energy Cannon 12 | . . . . 1 . . . 1 1 . . 3 1 1 2 . 2 Ballistic Gun 17 | . . . 1 . . . . . . . 3 4 3 1 . 1 4 Ballistic Cannon 14 | . . . 1 . . . 1 2 1 . 4 2 1 . . . 2 Launcher 13 | . . 1 . 1 1 . . . 2 . . 1 4 . . 2 1 Special Weapon . | . . . . . . . . . . . . . . . . . . Impact Weapon 13 | . . . . . . . 1 2 2 . 4 2 2 . . . . Slashing Weapon 1 | . . . . . . . . . . . . . . . 1 . . Piercing Weapon . | . . . . . . . . . . . . . . . . . . Special Melee Weapon . | . . . . . . . . . . . . . . . . . . Unidentified Prototypes 7 | . . . . 1 . . . . . . 1 . . . 1 3 1 Parts Lost 37 | . . . 2 2 . 1 . . 2 . 1 6 1 . . 1 21 Power 5 | . . . . . . 1 . . 1 . . . . . . . 3 Propulsion 6 | . . . 1 . . . . . . . . 2 . . . . 3 Utility 12 | . . . 1 1 . . . . . . 1 3 . . . . 6 Weapon 14 | . . . . 1 . . . . 1 . . 1 1 . . 1 9 Highest Loss Streak 11 | . . . 2 2 . 1 . . 1 . 1 3 1 . . 1 11 Average Slot Usage (%) 93 | . 86 100 98 89 99 100 88 95 97 100 95 88 96 100 91 88 84 Engine 4 | . 14 14 11 11 11 2 . . . 7 6 4 . . . . . Core 2 | . . . . . . 8 9 7 6 . . . 5 5 1 . . Treads 1 | . . . . . . . . . . . . . 1 . 7 11 8 Leg 15 | . 28 28 21 20 4 22 18 15 19 15 18 13 18 23 7 . . Wheel 1 | . . . . 1 17 . . 2 3 7 1 3 . . . . . Device 14 | . . 11 9 1 11 11 16 22 23 23 15 15 19 11 11 11 11 Storage 14 | . 15 16 11 11 11 11 9 7 7 7 12 17 17 22 23 23 20 Processor 6 | . . . 20 11 11 11 9 7 7 7 6 2 . 5 5 5 10 Hackware 2 | . . . . . . . . . . . 3 2 3 5 5 5 5 Protection 6 | . . . 1 10 11 11 9 7 7 7 8 5 10 5 5 5 7 Energy Cannon 4 | . . . . 10 10 . . 7 9 7 3 2 4 9 9 7 . Ballistic Gun 7 | . 28 16 11 11 11 11 2 . . . 6 4 7 6 1 1 7 Ballistic Cannon 2 | . . . 9 . . . 1 1 . . 5 4 1 . . . 1 Launcher 1 | . . 11 1 . . 11 4 . . 7 . 1 . . . 2 2 Impact Weapon 1 | . . . . . . . 2 5 3 7 3 1 . . . . . Naked Turns . | . . . . . . . . . . . . . . . . . . Heaviest Build 150 | 11 27 27 34 38 54 49 59 67 63 61 73 110 115 145 150 150 149 Greatest Support 150 | 20 20 20 20 32 60 60 60 69 80 60 85 85 90 90 150 150 150 Greatest Overweight (x) 47 | . 1 1 3 1 1 . . 1 1 1 1 4 1 1 1 . 47 Average Overweight (x) . | . . 1 1 1 . . . . . 1 . 1 1 1 . . . Largest Inventory Capacity 28 | . 12 12 10 10 12 12 12 16 12 12 12 20 20 28 28 28 28 Average Capacity 16 | . 6 10 10 10 11 12 12 12 12 12 12 17 20 26 28 28 28 Most Carried 27 | . 7 9 10 10 12 12 12 12 12 10 12 20 20 27 27 26 25 Average Carried 14 | . 6 8 9 9 10 11 12 11 11 10 11 15 18 25 24 24 20 Final Capacity 28 | 6 12 10 10 10 12 12 12 12 12 12 12 20 20 28 28 28 28 Final Carried 27 | 6 7 9 10 10 12 12 12 12 10 10 12 18 20 27 24 26 11 Class Distribution -------------------- 35% | Mutant 19% | Scavenger-Mutant 11% | Commander-Mutant 7% | Hauler-Mutant 6% | Scavenger-Tank 4% | Hauler-Gunner 4% | Hauler-Tank Dominant Class ---------------- Mutant | -10/Materials Mutant | -10/Mines Mutant | -9/Materials Scavenger-Mutant | -9/Mines Scavenger-Mutant | -9/Exiles Scavenger-Mutant | -8/Mines Mutant | -8/Materials Mutant | -7/Factory Mutant | -7/Lower Caves Scavenger-Mutant | -7/Lower Caves Mutant | -6/Factory Hauler-Mutant | -5/Factory Hauler-Tank | -5/Extension Commander-Mutant | -5/Cetus Commander-Mutant | -5/Archives Commander-Mutant | -5/Hub_04(d) Hauler-Gunner | -4/Factory Resources | -11 -10 -10 -9 -9 -9 -8 -8 -7 -7 -7 -6 -5 -5 -5 -5 -5 -4 ----------- Run | Scr Mat Min Mat Min Exi Min Mat Fac Low Low Fac Fac Ext Cet Arc Hub Fac Matter Collected 3759 | 137 63 40 171 98 . 57 38 64 353 . 488 575 630 80 113 126 726 Remotely . | . . . . . . . . . . . . . . . . . . Salvage Created 5695 | . . 25 337 99 . 106 38 230 360 . 369 1021 1094 66 . 213 1737 Parts 245 | . . 5 16 3 . 4 3 14 15 . 25 41 32 2 . 11 74 Haulers Intercepted 1 | . . . . . . . . . . . . 1 . . . . . Recyclers Shooed 2 | . . . . . . . . . . . . 1 1 . . . . Parts Field Recycled . | . . . . . . . . . . . . . . . . . . Retrieved Matter . | . . . . . . . . . . . . . . . . . . Parts Self-Destructed 11 | . . . . . . . . . 11 . . . . . . . . Prevented . | . . . . . . . . . . . . . . . . . . Kills | -11 -10 -10 -9 -9 -9 -8 -8 -7 -7 -7 -6 -5 -5 -5 -5 -5 -4 ------- Run | Scr Mat Min Mat Min Exi Min Mat Fac Low Low Fac Fac Ext Cet Arc Hub Fac Combat Hostiles Destroyed 96 | . . 3 8 6 . 3 1 4 10 . 7 11 14 1 . 4 24 Melee 1 | . . . . . . . . . . . . . . . . . 1 Guns 22 | . . . 2 . . . . . 3 . 2 2 2 . . . 11 Cannons 40 | . . . 6 2 . . 1 4 2 . 5 2 6 1 . . 11 AOE 31 | . . 3 . 4 . 3 . . 5 . . 6 5 . . 4 1 Classes Destroyed 17 | . . 1 3 2 . . . 4 2 . 1 2 . . . 1 1 Worker 14 | . . . . . . . . 1 . . . 6 . . . 2 5 Builder 13 | . . . . . . . . 1 . . 1 5 . . . . 6 Hauler 1 | . . . . . . . . . . . . 1 . . . . . Recycler 7 | . . . . . . . . . . . . 4 1 . . . 2 Operator 2 | . . . . . . . . 1 . . 1 . . . . . . Watcher 1 | . . . . . . . . . . . . . . . . 1 . Swarmer 7 | . . 3 . . . . . . 4 . . . . . . . . Saboteur 2 | . . . . . . . . . . . . . . . . . 2 Grunt 39 | . . . 3 . . 2 . 2 2 . 2 8 5 . . 3 12 Brawler 5 | . . . 1 . . 1 . . 1 . . 2 . . . . . Duelist 2 | . . . . . . . . 1 . . . . . . . . 1 Sentry 20 | . . . 4 . . . 1 1 1 . 3 1 8 . . 1 . Demolisher 2 | . . . . 2 . . . . . . . . . . . . . Hunter 9 | . . . . . . . . . 1 . . . 1 . . . 7 Programmer 4 | . . . . . . . . . . . 2 . . . . . 2 Cetus Guard 1 | . . . . . . . . . . . . . . 1 . . . Enhanced Grunt 1 | . . . . . . . . . . . . . . . . . 1 Assembled 4 | . . . . 4 . . . . . . . . . . . . . Mutant 1 | . . . . . . . . . 1 . . . . . . . . Best Kill Streak 18 | . . 3 3 4 . 3 1 4 4 . 2 10 4 1 . 7 18 Combat Bots Only 10 | . . 3 3 4 . 3 1 3 4 . 2 4 4 1 . 4 10 Max Kills in Single Turn 3 | . . 3 1 3 . 1 1 2 3 . 1 3 2 1 . 2 2 Gunslinging . | . . . . . . . . . . . . . . . . . . Exploded 3 | . . 3 . 3 . 1 . . 3 . . 1 2 . . 2 1 Melee 1 | . . . . . . . . . . . . . . . . . 1 Uniques/NPCs Destroyed . | . . . . . . . . . . . . . . . . . . Combat | -11 -10 -10 -9 -9 -9 -8 -8 -7 -7 -7 -6 -5 -5 -5 -5 -5 -4 -------- Run | Scr Mat Min Mat Min Exi Min Mat Fac Low Low Fac Fac Ext Cet Arc Hub Fac Damage Taken 10016 | . . 33 355 259 . 35 52 162 378 . 680 574 933 55 . 650 5850 Core 672 | . . 3 54 16 . . 11 6 8 . 50 18 91 11 . 70 334 Absorbed by Shields 542 | . . . . . . . 19 40 110 . 65 . 255 53 . . . Reduced by Siege Mode 667 | . . . . . . . . . . . . . . . . . 667 Core Remaining (%) 93 | 100 . 98 . . . 82 98 . . 98 94 . . . . 81 . Volleys Fired 279 | . . 1 17 7 . 4 7 12 20 . 26 34 47 4 5 7 88 Largest 3 | . . 1 2 2 . 1 2 3 3 . 3 3 3 3 2 2 3 Hottest 213 | . . 30 58 98 . 30 120 195 213 . 137 142 162 212 66 137 164 Shots Fired 603 | . . 1 34 12 . 4 9 24 42 . 71 68 98 12 10 8 210 Gun 301 | . . . 17 5 . 1 2 6 16 . 28 24 40 5 10 1 146 Cannon 260 | . . . 17 5 . . 7 18 22 . 43 34 50 7 . 1 56 Launcher 42 | . . 1 . 2 . 3 . . 4 . . 10 8 . . 6 8 Special . | . . . . . . . . . . . . . . . . . . Kinetic 434 | . . . 34 5 . 1 7 10 . . 57 44 59 5 10 1 201 Thermal 88 | . . . . 5 . . 2 14 38 . 14 11 . 3 . 1 . Explosive 42 | . . 1 . 2 . 3 . . 4 . . 10 8 . . 6 8 Electromagnetic 39 | . . . . . . . . . . . . 3 31 4 . . 1 Robot Hit Streak 26 | . . 1 12 4 . 5 4 5 9 . 19 7 11 6 . 5 26 Robot Miss Streak 7 | . . . 2 5 . 1 3 2 1 . 5 5 2 2 . 1 7 Penetration Max 1 | . . . . . . . . 1 . . . . 1 . . . 1 Secondary Targets 3 | . . . . . . . . . . . . . . . . . 3 Max Gunslinging Chain 1 | . . . . . . . . . . . . . . . . . 1 Shots Hit Robots 427 | . . 1 28 5 . 3 4 16 30 . 58 47 58 8 . 6 163 Core Hits 362 | . . 3 14 9 . 8 2 13 22 . 27 59 44 5 2 22 132 Critical Hits 37 | . . . 1 . . . 2 3 . . . . 8 . . . 23 Critical Kills 12 | . . . . . . . . 1 . . . . 3 . . . 8 Critical Parts Destroyed 21 | . . . 1 . . . 2 2 . . . . 2 . . . 14 Melee Attacks 73 | . . . . . . . 5 17 2 . 30 16 2 . 1 . . Impact 72 | . . . . . . . 5 17 2 . 30 16 2 . . . . Slashing 1 | . . . . . . . . . . . . . . . 1 . . Piercing . | . . . . . . . . . . . . . . . . . . Sneak Attacks 4 | . . . . . . . . . . . 1 2 1 . . . . Combat Hostiles . | . . . . . . . . . . . . . . . . . . Follow-up Attacks . | . . . . . . . . . . . . . . . . . . Damage Inflicted 16779 | . . 122 451 307 . 237 102 602 878 . 1129 3273 2788 299 71 1255 5265 Guns 5207 | . . . 188 18 . 16 16 51 213 . 346 335 655 72 71 . 3226 Cannons 4777 | . . . 263 75 . . 86 425 325 . 707 551 887 227 . 35 1196 Explosions 6350 | . . 122 . 214 . 221 . 126 340 . . 2183 1126 . . 1220 798 Melee 391 | . . . . . . . . . . . 76 204 111 . . . . Ramming 54 | . . . . . . . . . . . . . 9 . . . 45 Kinetic 7546 | . . . 451 18 . 16 86 250 . . 698 648 814 72 71 . 4422 Thermal 2331 | . . 71 . 75 . . 16 352 538 . 355 790 . 99 . 35 . Explosive 5513 | . . 51 . 214 . 221 . . 340 . . 1543 1126 . . 1220 798 Electromagnetic 944 | . . . . . . . . . . . . 88 728 128 . . . Impact 391 | . . . . . . . . . . . 76 204 111 . . . . Slashing . | . . . . . . . . . . . . . . . . . . Piercing . | . . . . . . . . . . . . . . . . . . Highest Corruption 17 | . . . . 4 4 4 1 . . . 4 17 13 3 3 4 . Average Corruption 4 | . . . . 4 4 4 1 . . . 3 11 4 3 3 3 . Corruption Purged 14 | . . . . . . . . . . . . 4 10 . . . . Effects 101 | . . . . 11 10 1 1 . . . 14 29 22 5 4 4 . Message Errors 23 | . . . . 5 5 . 1 . . . 2 3 6 1 . . . Matter Fused 21 | . . . . 2 3 1 . . . . 1 5 6 2 . 1 . Heat Flow Errors 12 | . . . . 2 1 . . . . . 2 1 3 . 2 1 . Energy Discharges 16 | . . . . 2 1 . . . . . 4 5 2 1 . 1 . Parts Rejected 1 | . . . . . . . . . . . . 1 . . . . . Data Loss (minor) 8 | . . . . . . . . . . . 2 3 3 . . . . Misfires 1 | . . . . . . . . . . . . . 1 . . . . Misdirections 4 | . . . . . . . . . . . . 4 . . . . . Targeting Errors 13 | . . . . . . . . . . . 2 6 1 1 2 1 . Weapon Failures 2 | . . . . . . . . . . . 1 1 . . . . . Overload Shots . | . . . . . . . . . . . . . . . . . . Overflow Damage 601 | . . . . . . . . 55 . . 38 356 123 . . 29 . Projectiles 67 | . . . . . . . . . . . 38 6 23 . . . . Explosions 309 | . . . . . . . . 55 . . . 206 19 . . 29 . Melee 225 | . . . . . . . . . . . . 144 81 . . . . Knockbacks 19 | . . . . . . . . 3 . . 4 2 1 . . . 9 Impact 3 | . . . . . . . . . . . . 2 1 . . . . Kinetic 16 | . . . . . . . . 3 . . 4 . . . . . 9 Secondary . | . . . . . . . . . . . . . . . . . . Self-Inflicted Damage 137 | . . 7 . . . . . . . . . 117 4 . . . 9 Shots 6 | . . 1 . . . . . . . . . 3 1 . . . 1 Rammed 2 | . . . . . . . . . . . . . . . . . 2 Targets Rammed 4 | . . . . . . . . . . . . . 1 . . . 3 Kicked 1 | . . . . . . . . . . . . . 1 . . . . Crushed 1 | . . . . . . . . . . . . . . . . . 1 Highest Temperature 345 | . . . 36 210 127 . 30 318 345 . 211 251 205 194 249 123 215 Average Temperature 74 | . . . 15 83 79 . 17 153 97 . 80 40 54 81 125 49 60 Received Heat Transfer 2008 | . . . 168 60 . 18 12 78 47 . 214 90 177 4 . 72 1068 Effects 2 | . . . . . . . . 1 1 . . . . . . . . Energy Bleed 1 | . . . . . . . . 1 . . . . . . . . . Short Circuit 1 | . . . . . . . . . 1 . . . . . . . . Siege Activations 2 | . . . . . . . . . . . . . . . . . 2 Total Turns 131 | . . . . . . . . . . . . . . . . . 131 Longest Duration 66 | . . . . . . . . . . . . . . . . . 66 Robots Corrupted 2 | . . . . . . . . . . . . 1 1 . . . . Combat Hostiles 2 | . . . . . . . . . . . . 1 1 . . . . Parts Fried 11 | . . . . . . . . . . . . 3 8 . . . . Impact Corruptions 9 | . . . . . . . . . . . . 6 3 . . . . Robots Melted . | . . . . . . . . . . . . . . . . . . Combat Hostiles . | . . . . . . . . . . . . . . . . . . Parts Melted 2 | . . . . . . . . . 2 . . . . . . . . Heat Transferred 2983 | . . 100 . 111 . . 37 470 962 . 481 622 . 150 . 50 . Parts Sabotaged 4 | . . . . . . . . . . . . . . . . . 4 Parts Stolen . | . . . . . . . . . . . . . . . . . . Parts Stripped . | . . . . . . . . . . . . . . . . . . Power Chain Reactions . | . . . . . . . . . . . . . . . . . . Missiles Intercepted . | . . . . . . . . . . . . . . . . . . Alert | -11 -10 -10 -9 -9 -9 -8 -8 -7 -7 -7 -6 -5 -5 -5 -5 -5 -4 ------- Run | Scr Mat Min Mat Min Exi Min Mat Fac Low Low Fac Fac Ext Cet Arc Hub Fac Peak Influence 1760 | . 28 110 242 53 . 113 116 353 . . 157 578 694 851 544 899 1760 Initial 440 | . . 10 . 53 . . 43 52 . . 39 4 86 388 340 190 440 Average 304 | . 10 78 134 40 . 100 71 192 . . 72 218 309 571 514 490 989 Maximum Alert Level 5 | . . . 1 . . . . 1 . . . 2 2 3 2 3 5 Low Security (%) 58 | . 100 100 74 100 . 100 100 55 . . 100 50 49 . . 34 . Level 1 13 | . . . 25 . . . . 44 . . . 39 15 12 10 21 . Level 2 17 | . . . . . . . . . . . . 10 34 65 89 5 36 Level 3 5 | . . . . . . . . . . . . . . 22 . 37 21 Level 4 2 | . . . . . . . . . . . . . . . . . 23 Level 5 2 | . . . . . . . . . . . . . . . . . 18 High Security . | . . . . . . . . . . . . . . . . . . Max Security . | . . . . . . . . . . . . . . . . . . Squads Dispatched 27 | . . . . . . 1 . 3 . . 5 1 2 . . 4 11 Investigation 3 | . . . . . . . . 1 . . 1 . . . . 1 . Extermination 4 | . . . . . . . . . . . 2 . . . . . 2 Reinforcement 13 | . . . . . . 1 . 1 . . 2 1 2 . . 3 3 Assault 3 | . . . . . . . . . . . . . . . . . 3 Garrison 4 | . . . . . . . . 1 . . . . . . . . 3 Intercept . | . . . . . . . . . . . . . . . . . . Construction Impeded 4 | . . . . . . 1 . . . . . . 1 . . . 2 Haulers Reinforced 3 | . . . . . . . . . . . . 1 . . . 1 1 Stealth | -11 -10 -10 -9 -9 -9 -8 -8 -7 -7 -7 -6 -5 -5 -5 -5 -5 -4 --------- Run | Scr Mat Min Mat Min Exi Min Mat Fac Low Low Fac Fac Ext Cet Arc Hub Fac Distress Signals 15 | . . . 2 . . . . . . . . 1 3 1 2 2 4 Communications Jammed . | . . . . . . . . . . . . . . . . . . Distress Signals . | . . . . . . . . . . . . . . . . . . Times Spotted 202 | . 1 3 14 22 . 3 2 7 11 . 14 16 27 7 6 17 52 Peak Tracking Total 20 | . 1 3 6 20 . 3 2 4 4 . 4 4 4 5 4 11 10 Tactical Retreats 5 | . . . . . . . . 1 1 . 1 1 . . . 1 . Traps | -11 -10 -10 -9 -9 -9 -8 -8 -7 -7 -7 -6 -5 -5 -5 -5 -5 -4 ------- Run | Scr Mat Min Mat Min Exi Min Mat Fac Low Low Fac Fac Ext Cet Arc Hub Fac Traps Triggered 8 | . . . . . . . 1 . . . . 2 4 . . 1 . Indirectly . | . . . . . . . . . . . . . . . . . . Trap Hack Attempts . | . . . . . . . . . . . . . . . . . . Triggered . | . . . . . . . . . . . . . . . . . . Disarmed . | . . . . . . . . . . . . . . . . . . Reprogrammed . | . . . . . . . . . . . . . . . . . . Reused . | . . . . . . . . . . . . . . . . . . Traps Extracted . | . . . . . . . . . . . . . . . . . . Installed . | . . . . . . . . . . . . . . . . . . Triggered . | . . . . . . . . . . . . . . . . . . Machines | -11 -10 -10 -9 -9 -9 -8 -8 -7 -7 -7 -6 -5 -5 -5 -5 -5 -4 ---------- Run | Scr Mat Min Mat Min Exi Min Mat Fac Low Low Fac Fac Ext Cet Arc Hub Fac Machines Disabled 32 | . . 1 . . . 2 . 3 2 . . 4 4 2 4 4 6 Max in Single Turn 4 | . . 1 . . . 1 . 2 1 . . 4 1 . 1 2 2 Machines Sabotaged . | . . . . . . . . . . . . . . . . . . Garrisons Compromised . | . . . . . . . . . . . . . . . . . . Overloaded Fab Kills . | . . . . . . . . . . . . . . . . . . Fab Network Shutdowns . | . . . . . . . . . . . . . . . . . . Hacking | -11 -10 -10 -9 -9 -9 -8 -8 -7 -7 -7 -6 -5 -5 -5 -5 -5 -4 --------- Run | Scr Mat Min Mat Min Exi Min Mat Fac Low Low Fac Fac Ext Cet Arc Hub Fac Machines Accessed 40 | . 4 . 4 . 2 . 2 6 . . 4 3 7 3 1 2 2 Terminals 28 | . 3 . 3 . . . 2 2 . . 2 3 7 3 . 2 1 Fabricators 2 | . . . . . . . . 2 . . . . . . . . . Repair Stations 2 | . . . . . . . . . . . 1 . . . . . 1 Recycling Units 4 | . 1 . 1 . . . . 1 . . 1 . . . . . . Scanalyzers 1 | . . . . . . . . 1 . . . . . . . . . Garrison Access . | . . . . . . . . . . . . . . . . . . Total Hacks 101 | . 12 . 7 . 2 . 10 13 . . 10 6 22 9 2 4 4 Successful 54 | . 5 . 3 . 2 . 3 5 . . 6 5 11 4 2 4 4 Failed 47 | . 7 . 4 . . . 7 8 . . 4 1 11 5 . . . Catastrophic 6 | . 3 . 2 . . . . 1 . . . . . . . . . Database Lockouts . | . . . . . . . . . . . . . . . . . . Manual 46 | . 4 . 5 . 1 . 9 4 . . 4 4 11 1 . 2 1 Terminals 80 | . 10 . 5 . . . 10 6 . . 6 6 22 9 . 4 2 Fabricators 2 | . . . . . . . . 2 . . . . . . . . . Repair Stations 4 | . . . . . . . . . . . 2 . . . . . 2 Recycling Units 8 | . 2 . 2 . . . . 2 . . 2 . . . . . . Scanalyzers 3 | . . . . . . . . 3 . . . . . . . . . Garrison Access . | . . . . . . . . . . . . . . . . . . Terminal Hacks 34 | . 2 . . . 2 . 3 1 . . 2 4 9 4 2 4 1 Record 6 | . . . . . 1 . . . . . . . . 3 2 . . Open Door 6 | . . . . . . . . . . . . 1 4 1 . . . Level Access Points 1 | . . . . . . . . . . . . . . . . 1 . Branch Access Points 2 | . 1 . . . . . . 1 . . . . . . . . . Alert Level 5 | . . . . . . . 1 . . . 1 . 2 . . 1 . Unreport Threat 2 | . . . . . . . . . . . . 2 . . . . . Locate Traps 2 | . . . . . . . . . . . . . . . . 1 1 Investigation Status 1 | . . . . . . . . . . . . . 1 . . . . Reinforcement Status 2 | . . . . . . . . . . . 1 . 1 . . . . Recall Investigation 1 | . 1 . . . . . . . . . . . . . . . . Recall Reinforcements 2 | . . . . . . . . . . . . . 1 . . 1 . Hauler Manifests 1 | . . . . . . . . . . . . 1 . . . . . Zone Layout 2 | . . . . . . . 2 . . . . . . . . . . EX-Prototype ID Bank 1 | . . . . . 1 . . . . . . . . . . . . Fabricator Hacks 1 | . . . . . . . . 1 . . . . . . . . . Build 1 | . . . . . . . . 1 . . . . . . . . . Repair Station Hacks 2 | . . . . . . . . . . . . . . . . . 2 Scan Component 1 | . . . . . . . . . . . . . . . . . 1 Repair 1 | . . . . . . . . . . . . . . . . . 1 Recycling Unit Hacks 7 | . 2 . 2 . . . . 1 . . 2 . . . . . . Process 1 | . . . . . . . . . . . 1 . . . . . . Report Inventory 4 | . 1 . 1 . . . . 1 . . 1 . . . . . . Retrieve Components 2 | . 1 . 1 . . . . . . . . . . . . . . Scanalyzer 1 | . . . . . . . . 1 . . . . . . . . . Insert Component 1 | . . . . . . . . 1 . . . . . . . . . Garrison Access Hacks . | . . . . . . . . . . . . . . . . . . Unauthorized Hacks 9 | . 1 . 1 . . . . 1 . . 2 1 2 . . . 1 Terminals 9 | . 1 . 1 . . . . 1 . . 2 1 2 . . . 1 Assimilate 2 | . . . . . . . . . . . 1 1 . . . . . Botnet 6 | . 1 . 1 . . . . 1 . . 1 . 1 . . . 1 Operators 1 | . . . . . . . . . . . . . 1 . . . . Fabricators . | . . . . . . . . . . . . . . . . . . Repair Stations . | . . . . . . . . . . . . . . . . . . Recycling Units . | . . . . . . . . . . . . . . . . . . Scanalyzers . | . . . . . . . . . . . . . . . . . . Garrison Access . | . . . . . . . . . . . . . . . . . . Data Cores Recovered 1 | . . . . . . . . 1 . . . . . . . . . Used . | . . . . . . . . . . . . . . . . . . Hacking Detections 31 | . 3 . 4 . . . 2 5 . . 4 2 7 2 . 1 1 Full Trace Events 5 | . 1 . 1 . . . . 1 . . 1 . . . . 1 . Feedback Events . | . . . . . . . . . . . . . . . . . . Feedback Blocked . | . . . . . . . . . . . . . . . . . . Robot Schematics Acquired . | . . . . . . . . . . . . . . . . . . Robots Built 3 | . . . . . . . . 3 . . . . . . . . . Matter 186 | . . . . . . . . 186 . . . . . . . . . Time 49 | . . . . . . . . 49 . . . . . . . . . Total Robot Build Rating 6 | . . . . . . . . 6 . . . . . . . . . Part Schematics Acquired . | . . . . . . . . . . . . . . . . . . Parts Built . | . . . . . . . . . . . . . . . . . . Matter . | . . . . . . . . . . . . . . . . . . Time . | . . . . . . . . . . . . . . . . . . Total Part Build Rating . | . . . . . . . . . . . . . . . . . . Parts Repaired 1 | . . . . . . . . . . . . . . . . . 1 Time 25 | . . . . . . . . . . . . . . . . . 25 Parts Recycled . | . . . . . . . . . . . . . . . . . . Recycled Matter 117 | . . . . . . . . . . . 117 . . . . . . Retrieved Matter . | . . . . . . . . . . . . . . . . . . Retrieved Components 5 | . 3 . 2 . . . . . . . . . . . . . . Parts Scanalyzed 1 | . . . . . . . . 1 . . . . . . . . . Part Schematics Acquired . | . . . . . . . . . . . . . . . . . . Parts Damaged . | . . . . . . . . . . . . . . . . . . Bothacking | -11 -10 -10 -9 -9 -9 -8 -8 -7 -7 -7 -6 -5 -5 -5 -5 -5 -4 ------------ Run | Scr Mat Min Mat Min Exi Min Mat Fac Low Low Fac Fac Ext Cet Arc Hub Fac Used RIF Installer . | . . . . . . . . . . . . . . . . . . Robots Hacked . | . . . . . . . . . . . . . . . . . . Non-combat . | . . . . . . . . . . . . . . . . . . Combat . | . . . . . . . . . . . . . . . . . . Robot Hacks Applied . | . . . . . . . . . . . . . . . . . . Relay Couplers Released . | . . . . . . . . . . . . . . . . . . Robots Rewired 22 | . . . . . . . . . 3 . . . 19 . . . . Allies Hacked . | . . . . . . . . . . . . . . . . . . Hacks Repelled . | . . . . . . . . . . . . . . . . . . Allies | -11 -10 -10 -9 -9 -9 -8 -8 -7 -7 -7 -6 -5 -5 -5 -5 -5 -4 -------- Run | Scr Mat Min Mat Min Exi Min Mat Fac Low Low Fac Fac Ext Cet Arc Hub Fac Total Allies 40 | . . 2 . 3 . . . 3 3 . . . 24 5 . . . Largest Group 17 | . . 2 2 3 . . . 3 3 . . . 16 17 16 14 6 Highest-Rated Group 944 | . . 45 45 40 . . . 54 93 . . . 606 944 850 663 436 Highest-Rated Ally 156 | . . 31 31 16 . . . 18 31 . . . 156 156 156 94 94 Total Orders . | . . . . . . . . . . . . . . . . . . Ally Attacks 395 | . . . 10 17 . . . 2 19 . . . 87 69 49 49 93 Total Damage 10354 | . . . 146 184 . . . 60 414 . . . 1818 1662 1401 1291 3378 Kills 67 | . . . 4 5 . . . 2 . . . . 12 11 4 12 17 Allies Corrupted 2 | . . . . . . . . . . . . . 1 . . 1 . Allies Melted . | . . . . . . . . . . . . . . . . . . Intel | -11 -10 -10 -9 -9 -9 -8 -8 -7 -7 -7 -6 -5 -5 -5 -5 -5 -4 ------- Run | Scr Mat Min Mat Min Exi Min Mat Fac Low Low Fac Fac Ext Cet Arc Hub Fac Robot Analysis Total . | . . . . . . . . . . . . . . . . . . Derelict Logs Recovered 3 | . . 1 . 1 . . . . 1 . . . . . . . . Drone Launches . | . . . . . . . . . . . . . . . . . . Drone Recoveries . | . . . . . . . . . . . . . . . . . . Exploration | -11 -10 -10 -9 -9 -9 -8 -8 -7 -7 -7 -6 -5 -5 -5 -5 -5 -4 ------------- Run | Scr Mat Min Mat Min Exi Min Mat Fac Low Low Fac Fac Ext Cet Arc Hub Fac Turns Passed 7934 | . 210 456 643 466 442 32 255 425 622 19 899 658 1173 313 217 235 869 Spaces Moved 4633 | 1 168 293 353 295 423 18 229 286 341 15 611 365 539 149 114 128 305 Core 3 | . . . . . . . . . . . . . . . . . 3 Treads 502 | . . . . . . . . . . . . . . . 75 128 299 Legs 3695 | 1 168 293 353 263 117 18 229 286 341 15 611 273 539 149 39 . . Wheels 433 | . . . . 32 306 . . . . . . 92 . . . . 3 Hover . | . . . . . . . . . . . . . . . . . . Flight . | . . . . . . . . . . . . . . . . . . Fastest Speed 45 | 120 120 150 150 110 45 90 90 45 90 130 90 85 130 140 106 160 130 Average Speed 125 | 120 121 150 150 145 102 90 90 78 109 130 101 117 137 140 141 160 184 Slowest Speed 2400 | 120 150 150 210 150 130 90 90 130 130 130 130 140 140 140 160 160 2400 Overloaded Moves 274 | . . . . . 21 . . 91 . . . 123 . . 39 . . Propulsion Burnouts . | . . . . . . . . . . . . . . . . . . Robots Hopped . | . . . . . . . . . . . . . . . . . . Cave-ins Triggered 1 | . . . . . . . . . . . . . 1 . . . . Exploration Rate (%) 38 | 2 39 78 36 54 90 8 28 10 47 5 20 13 68 72 88 23 13 Regions Visited 17 Branch Regions 10 Pre-discovered Areas 1 | . . . . . 1 . . . . . . . . . . . . Known Exits Taken 5 | . 1 . . . . . 1 1 1 . . . . . . 1 . Unknown Exits Taken 12 | 1 . 1 1 1 1 1 . . . 1 1 1 1 1 1 . . Scrap Searched 6 | . . 4 . 1 . . . . 1 . . . . . . . . Spaces Dug 64 | . . . . . . . 4 14 1 . 20 11 13 . 1 . . Terrain Destroyed 569 | . . 14 . 18 . 24 6 47 42 . 20 160 127 2 1 29 79 Melee 52 | . . . . . . . 4 14 1 . 20 11 1 . 1 . . Projectile 66 | . . . . 2 . . 2 . 3 . . . 21 2 . 2 34 AOE 451 | . . 14 . 16 . 24 . 33 38 . . 149 105 . . 27 45 Terrain Rammed . | . . . . . . . . . . . . . . . . . . Walls Destroyed . | . . . . . . . . . . . . . . . . . . Machines Disabled . | . . . . . . . . . . . . . . . . . . Actions | -11 -10 -10 -9 -9 -9 -8 -8 -7 -7 -7 -6 -5 -5 -5 -5 -5 -4 --------- Run | Scr Mat Min Mat Min Exi Min Mat Fac Low Low Fac Fac Ext Cet Arc Hub Fac Total 6154 | . 174 308 433 319 433 29 257 430 548 14 773 496 908 245 162 153 472 Wait 696 | . 1 10 37 . . 4 10 102 143 . 68 41 115 83 30 8 44 Move 4616 | . 167 292 352 294 422 17 228 285 340 14 610 364 538 148 113 127 305 Hop . | . . . . . . . . . . . . . . . . . . Pick Up 66 | . 3 2 8 4 2 1 1 3 2 . 6 12 9 6 2 2 3 Fast Attach 51 | . 1 1 6 3 2 1 2 2 1 . 7 11 4 . . 2 8 Attach 45 | . . . 2 2 . 1 . 3 4 . 3 6 3 . 2 2 17 Detach 10 | . . . . 1 2 . . . 1 . 4 . . . . 2 . Swap 61 | . . 1 2 3 2 . 2 4 5 . 11 8 11 4 4 2 2 Drop 56 | . 2 1 9 5 3 1 2 2 3 . 8 4 8 . 5 1 2 Fire 279 | . . 1 17 7 . 4 7 12 20 . 26 34 47 4 5 7 88 Melee 73 | . . . . . . . 5 17 2 . 30 16 2 . 1 . . Ram . | . . . . . . . . . . . . . . . . . . Kick 1 | . . . . . . . . . . . . . 1 . . . . Crush 3 | . . . . . . . . . . . . . . . . . 3 Escape Stasis 15 | . . . . . . . . . . . . . 15 . . . . Rewire 182 | . . . . . . . . . 27 . . . 155 . . . . Trap . | . . . . . . . . . . . . . . . . . . Miscellaneous . | . . . . . . . . . . . . . . . . . . Route ------- -11/Scrapyard -10/Materials (discovered 3 exits: *Mat / *Min x2) -10/Mines -9/Materials (discovered 3 exits: *Mat / [*Min x2]) -9/Mines (discovered 2 exits: *Mat / *Exi) -9/Exiles -8/Mines -8/Materials (discovered 2 exits: *Fac x2) -7/Factory (discovered 4 exits: Sto x2 / *Low x2) -7/Lower Caves -7/Lower Caves -6/Factory (discovered 2 exits: *Fac / [*Low]) -5/Factory -5/Extension (discovered 2 exits: *Fac / *Cet) -5/Cetus -5/Archives (discovered 3 exits: *Fac / *Hub x2) -5/Hub_04(d) (discovered 4 exits: *Fac x4) -4/Factory History --------- Turn | Location | Event 1 | -11/Scrapyard | Discovered new exit (range 0) 1 | -11/Scrapyard | Entered Materials 40 | -10/Materials | Identified exit to Mines 160 | -10/Materials | Discovered new exit (range 13) 211 | -10/Materials | Entered Mines 235 | -10/Mines | Learned Materials emergency access door positions 313 | -10/Mines | Build established: Mutant 651 | -10/Mines | Discovered new exit (range 5) 667 | -10/Mines | Entered Materials 667 | -9/Materials | Accompanied by 2 allies 667 | -9/Materials | Evolved 2 slots: Utility x2 672 | -9/Materials | Led the pair of lost Derelicts to an unsafe place 903 | -9/Materials | Discovered new exit (range 9) 1109 | -9/Materials | Discovered new exit (range 15) 1279 | -9/Materials | Discovered new exit (range 15) 1310 | -9/Materials | Entered Mines 1311 | -9/Mines | Assembled infested the area 1315 | -9/Mines | Assisted by bots powering up and referring to "LRC-V3" 1316 | -9/Mines | Assisted by a Guerilla fighting off Assembled 1380 | -9/Mines | Discovered new exit (range 14) 1561 | -9/Mines | Build established: Scavenger-Mutant 1568 | -9/Mines | Received a Rocket Launcher from a helpful Derelict 1731 | -9/Mines | Found a damaged Exp. Sensor Array with a note attached 1735 | -9/Mines | Found Prototype Device 1735 | -9/Mines | Identified Exp. Sensor Array 1766 | -9/Mines | Learned location of 1 exit from Materials 1772 | -9/Mines | Deemed a non-threat by the Exiles lab entrance 1772 | -9/Mines | Discovered new exit (range 5) 1776 | -9/Mines | Entered Exiles 1804 | -9/Exiles | Met 8R-AWN 1822 | -9/Exiles | Met EX-HEX 1887 | -9/Exiles | Met EX-DEC 1909 | -9/Exiles | Visited The Gauntlet 2041 | -9/Exiles | Learned location of Zion (-7) 2065 | -9/Exiles | Met EX-BIN 2080 | -9/Exiles | Aligned with FarCom system 2081 | -9/Exiles | Given EX-Vault access code 2107 | -9/Exiles | Opened EX-Vault 2118 | -9/Exiles | Found Potential Leg 2120 | -9/Exiles | Found Potential Leg 2132 | -9/Exiles | Warned to stay clear of 0b10 Research branches 2210 | -9/Exiles | Discovered new exit (range 10) 2218 | -9/Exiles | Left Exiles lab with Potential Leg 2218 | -9/Exiles | Entered Mines 2237 | -8/Mines | Discovered new exit (range 9) 2250 | -8/Mines | Entered Materials 2250 | -8/Materials | Evolved 2 slots: Utility x2 2251 | -8/Materials | Identified exit to Factory 2479 | -8/Materials | Discovered exit to Factory (range 17) 2505 | -8/Materials | Entered Factory 2505 | -7/Factory | Evolved 2 slots: Propulsion x1, Weapon x1 2575 | -7/Factory | Build established: Mutant 2637 | -7/Factory | Garrison activated, responded to threat 2658 | -7/Factory | Discovered new exit (range 3) 2742 | -7/Factory | Fabricated L-31 Rogue? 2767 | -7/Factory | Identified exit to Storage 2767 | -7/Factory | Identified exit to Lower Caves 2930 | -7/Factory | Entered Lower Caves 2930 | -7/Lower Caves | Accompanied by 1 ally 3236 | -7/Lower Caves | Attracted the attention of an 0b10 checkpoint 3288 | -7/Lower Caves | Attacked by a delusional Derelict stockpiling Unaware 3330 | -7/Lower Caves | Identified exit to Lower Caves 3356 | -7/Lower Caves | Spotted B-75 Beast 3552 | -7/Lower Caves | Entered another Lower Caves area 3556 | -7/Lower Caves | Discovered new exit (range 11) 3571 | -7/Lower Caves | Entered Factory 3571 | -6/Factory | Evolved 2 slots: Utility x2 3673 | -6/Factory | Discovered new exit (range 12) 4405 | -6/Factory | Discovered new exit (range 16) 4470 | -6/Factory | Entered another Factory area 4470 | -5/Factory | Evolved 2 slots: Propulsion x1, Utility x1 4800 | -5/Factory | System corruption reached 10% 4830 | -5/Factory | Lost 3 parts (3u) 5069 | -5/Factory | Build established: Hauler-Mutant 5120 | -5/Factory | Discovered new exit (range 9) 5128 | -5/Factory | Entered Extension 5497 | -5/Extension | Rescued a captive Derelict 5511 | -5/Extension | Build established: Hauler-Tank 5637 | -5/Extension | Rescued A7 5729 | -5/Extension | Rescued a captive Derelict 5730 | -5/Extension | Rescued a captive Derelict 5763 | -5/Extension | Crushed by falling debris 5821 | -5/Extension | Rescued a captive Derelict 6265 | -5/Extension | Discovered new exit (range 10) 6267 | -5/Extension | Discovered new exit (range 6) 6301 | -5/Extension | Entered Cetus 6301 | -5/Cetus | Accompanied by 15 allies (A7) 6306 | -5/Cetus | Acquired a Cetus Manufacturing Module code from A7 6323 | -5/Cetus | Spotted Cetus Guard 6323 | -5/Cetus | Spotted Cetus Guard 6325 | -5/Cetus | Spotted Cetus Guard 6326 | -5/Cetus | Spotted Cetus Guard 6340 | -5/Cetus | Destroyed Cetus Guard 6341 | -5/Cetus | Allies destroyed Cetus Guard 6342 | -5/Cetus | Allies destroyed Cetus Guard 6342 | -5/Cetus | Allies destroyed Cetus Guard 6445 | -5/Cetus | Started Cetus Manufacturing Module 6455 | -5/Cetus | Escorted A7 to Cetus Mainframe 6470 | -5/Cetus | Manufactured an Enhanced Grunt 6495 | -5/Cetus | Manufactured an Enhanced Grunt 6520 | -5/Cetus | Manufactured an Enhanced Grunt 6545 | -5/Cetus | Manufactured an Enhanced Grunt 6557 | -5/Cetus | Discovered new exit (range 16) 6570 | -5/Cetus | Manufactured an Enhanced Grunt 6614 | -5/Cetus | Entered Archives 6614 | -5/Archives | Accompanied by 16 allies (A7) 6640 | -5/Archives | Received a hacking code to weaken MAIN.C 6657 | -5/Archives | Discovered new exit (range 16) 6669 | -5/Archives | Unable to access archive contents 6671 | -5/Archives | Discovered new exit (range 15) 6681 | -5/Archives | Discovered new exit (range 16) 6831 | -5/Archives | Entered Hub_04(d) 6831 | -5/Hub_04(d) | Accompanied by 14 allies 6915 | -5/Hub_04(d) | Identified exit to Factory 6918 | -5/Hub_04(d) | Build established: Commander-Mutant 7042 | -5/Hub_04(d) | Disrupted transfer network 7066 | -5/Hub_04(d) | Entered Factory 7066 | -4/Factory | Accompanied by 6 allies 7066 | -4/Factory | Evolved 2 slots: Utility x2 7366 | -4/Factory | P-70 Sage assimilated allied GR-6OA(g) 7442 | -4/Factory | Repaired Energy Well 7457 | -4/Factory | Garrison activated, responded to threat 7611 | -4/Factory | First assault squad dispatched 7641 | -4/Factory | Lost 3 parts (1p1u1w) 7670 | -4/Factory | Build established: Hauler-Gunner 7696 | -4/Factory | Destroyed 9 combat bots 7796 | -4/Factory | Destroyed 10 combat bots 7801 | -4/Factory | Lost 11 parts (1p2n2u6w) 7935 | -4/Factory | Self-destructed Last Messages --------------- 07928_ Acquired Wheel. 07929_ C-30 ARC bursts open, deploying its payload. 07929_ G-73 Enforcer unfolds itself. 07929_ G-67 Veteran unfolds itself. 07929_ M-36 Artificer unfolds itself. 07929_ U-05 Engineer lays Concrete. 07930_ R-10 Processor collects Lgt. Quantum Reactor. 07930_ K-01 Serf destroyed. 07930_ U-05 Engineer destroyed. 07930_ U-05 Engineer lays Concrete. 07931_ The unstable cave ceiling collapses. 07931_ G-67 Veteran crushed by falling debris. 07931_ Imp. Medium Armor Plating destroyed. 07932_ Mni. Grenade Launcher destroyed. 07932_ Centrium Medium Armor Plating destroyed. 07932_ Hvy. Flak Cannon destroyed. 07932_ U-05 Engineer lays Concrete. 07932_ ALERT: Construction progress impeded, dispatching reinforcements to local area. 07933_ U-05 Engineer lays Concrete. Map ----- +----------------------------------------------------+ | ?????????????????????????????????????????????????? | | ?????????????????????????????????????????????????? | | ?????????????????????????????????????????????????? | | ?????????????????????????????????????????????????? | | ???????????????????????????" ????????????????????? | | ??????????????????????????? ???????????????????? | | ???????????????????+########"##??????????????????? | | ????????????????? #??????????????????? | | ???????????????+ #??????????????????? | | ?????????????? / #??????????????????? | | ???????????????/ #???#??????????????? | | ???????????????# w ! #? ??????????????? | | ???????????????? # # """" ????????????? | | ???????????????## %g ! # ""R""????????????? | | ???????????????# gg # [ # "" ""????????????? | | ???????????????# g + + ?????????????? | | ???????????????# % # # """ ?????????????? | | ???????????????# ! # k# """ ?????????????? | | ???????????????## %! # # """ #?????????? | | ????????g??????# # # #?????????? | | ????????????????## # #####??????????????? | | ????????????????# % #??????????????????? | | ????????????????## """ ! #??????????????????? | | ????????????????## """ ; #??????????????????? | | ?????????????????# """ # == A#??????????????????? | | ?????????????????# #@! [ ###????????????????? | | ?????????????????######## !k# ##???????????????? | | ????????????????????????#!% %!#############??????? | | ????????????????????????#/!*%= %!== % ??????? | | ????????????????????????# ! = /!%** ?????? | | ????????????????????????# [ ! % ?????? | | ????????????????????????#*!* A% ?????? | | ????????????????????????#%! u% R ?????? | | ????????????????????????#### ####/########???????? | | ???????????????????????????# #??? ?????????????? | | ???????????????????????????#%#???? ????????????? | | ???????????????????????????#!#????? !???????????? | | ??????????##############??#!!#??????? ???????????? | | ??????????# #?##"%#???????????????????? | | ??????????# ### "%#!??????????????????? | | ??????????# # # #*#=?""???????????????? | | ??????????# #####%# """" ""???????????? | | ??????????# = #!]*=[# """" """??????????? | | ??????????# ! #**%!%# """ """"?????????? | | ??????????# # !*=w# ????????? | | ??????????# / =%%!# ?????????? | | ??????????# # !=#### /#####?????????? | | ??????????# ! # %!# ?????????? | | ??????????# # !%# """??????????? | | ??????????# # *=# """??????????? | +----------------------------------------------------+ Best States ------------- Heat Dissipation 88 Energy Generation 25 Energy Capacity 1050 Matter Stores 300 Matter Capacity 300 Sight Range 16 Robot Scan Range 30 Terrain Scan Density 10 Additional Mass Support 9 Armor Coverage 450 Weapon Cycling 20 Evasion (%) 51 Targeting Accuracy 12 Core Analysis 8 Recoil Reduction 4 Matter Filtering 30 Offensive Hacking 10 Item Schematics ----------------- None Robot Schematics ------------------ None Fabricated ------------ L-31 Rogue | x3 | -7/Factory | Preloaded Alien Tech Used ----------------- None Achievements -------------- My Command Is Your Wish Challenges ------------ None Game ------ Seed HardcellBeamCore Manual? 0 Play Time 02:04:00 Cumulative 80.0 hours Start 2020.10.23 @ 00:34:40 End 2020.10.23 @ 18:39:47 Sessions 5 Manual Loads 0 Difficulty Rogue Special Mode None Game No. 93 Rogue 93 Adventurer 0 Explorer 0 Win Type - Total 0 Types 0/0/0/0/0/0/0/0/0 Lore% 50 Gallery% 57 Achievement% 44 Wizard Run 0 Options --------- ASCII 0 Keyboard 0 Movement Mouse Keybinds 0 Fullscreen 1 Font 24/Smallcaps Map View 76x50 Tactical HUD 1 Map Filters NONE Filters NONE Steam 1 RUN: 0aa15505-cdca-4fc5-8264-b2ecc66348be